 Dungeon Crawl Stone Soup version 0.30.0-29-ga12c61a403 (webtiles) character file.

Game seed: 13311348606122947396

41 monsoonserge the Vexing (level 3, -3/27 HPs)
             Began as a Barachi Hexslinger on June 10, 2023.
             Was a Believer of Lugonu.
             Slain by a gnoll
             ... wielding a +0 spear
             ... led by a gnoll bouda
              (5 damage)
             ... on level 5 of the Dungeon.
             The game lasted 00:04:55 (1389 turns).

monsoonserge the Vexing (Barachi Hexslinger)        Turns: 1389, Time: 00:04:58

Health: -3/27      AC:  4    Str: 12    XL:     3   Next: 52%
Magic:  4/4        EV: 11    Int: 17    God:    Lugonu [**....]
Gold:   107        SH:  0    Dex: 12    Spells: 3/4 levels left

rFire   . . .        b - +10 whip "Arcanum" {venom, Dex+3}
rCold   . . .        (no shield)
rNeg    + . .        e - +0 leather armour
rPois   .            (no helmet)
rElec   .            f - +0 cloak
rCorr   .            (no gloves)
SInv    .            (no boots)
Will    .....        (no amulet)
Stlth   +            t - ring of positive energy
HPRegen 0.24/turn    (no ring)
MPRegen 0.09/turn

%: random rage (3%)
@: weakened, slow
A: amphibious, slowness 1, strong legs 1, +LOS, berserk 1, clever 1, clumsy 1
a: Hop, Renounce Religion, Depart the Abyss, Banish


You were on level 5 of the Dungeon.
You worshipped Lugonu.
Lugonu was pleased with you.
You visited 1 branch of the dungeon, and saw 4 of its levels.

You collected 107 gold pieces.

Inventory:

Hand Weapons
 a - a +1 sling
 b - the +10 whip "Arcanum" (weapon) {venom, Dex+3}
   (You found it on level 2 of the Dungeon)

   Dex:       It affects your dexterity (+3).
Missiles
 s - 2 throwing nets
Armour
 c - a +0 robe
 e - a +0 leather armour (worn)
 f - a +0 cloak (worn)
 i - a +0 scale mail
Magical Staves
 j - a staff of fire
Jewellery
 t - a ring of positive energy (left hand)
Scrolls
 d - 2 scrolls of noise {unknown}
 g - a scroll of immolation {unknown}
 n - a scroll of amnesia {unknown}
 o - a scroll of identify {unknown}
 p - a scroll of enchant weapon {unknown}
 q - 2 scrolls of poison
 r - a scroll of fog {unknown}
Potions
 k - a potion of cancellation {unknown}
 l - a potion of curing {unknown}
 m - a potion of attraction {unknown}


   Skills:
 + Level 1.7 Fighting
 * Level 0.1 Maces & Flails
 + Level 2.8 Ranged Weapons
 + Level 0.8 Armour
 + Level 2.2 Dodging
 + Level 0.2 Stealth
 + Level 1.1 Spellcasting
 + Level 3.8 Hexes


You had 3 spell levels left.
You knew the following spells:

 Your Spells              Type           Power      Damage    Failure   Level
a - Slow                  Hex            56%        N/A       5%          1

Your spell library contained the following spells:

 Spells                   Type           Power      Damage    Failure   Level
 Sandblast                Erth           0%         2d4       26%         1
 Inner Flame              Hex/Fire       7%         N/A       36%         3
 Portal Projectile        Hex/Tloc       14%        N/A       36%         3
 Passwall                 Tmut/Erth      0%         N/A       38%         2
 Stone Arrow              Conj/Erth      0%         3d7       63%         3
 Cause Fear               Hex            7%         N/A       50%         4


Dungeon Overview and Level Annotations

Branches:
Dungeon (3/15)

Altars:
Lugonu

Annotations:
D:5 1 runed translucent door, Crazy Yiuf


Innate Abilities, Weirdness & Mutations

You are amphibious.
You cover ground slowly.
You can hop short distances.
You have an extended range of vision and can be seen from far away.
You sometimes lose your temper in combat.
Your mind is acute. (Int +4, Str/Dex -1)
You are clumsy. (Dex -2)


Message History

The sling bullet hits the gnoll but does no damage.
The gnoll is lightly wounded.
The gnoll hits you from afar with a +0 spear.
A gnoll comes into view. It is wielding a +0 whip.
You feel agile.
The +10 whip "Arcanum" {venom, Dex+3} begins to drip with poison!
b - the +10 whip "Arcanum" (weapon)
{venom, Dex+3} The gnoll shouts!
The gnoll hits you with a +0 spear.
A wight comes into view. It is wielding a +0 flail.
You whack the gnoll!
The gnoll is poisoned.
The gnoll is almost dead.
The gnoll hits you from afar with a +0 spear.
The gnoll misses you. The gnoll closely misses you.
The gnoll bouda barks out a call to the hunt!
The gnolls pick up the pace!
The gnoll barely misses you.
You whack the gnoll!
You kill the gnoll!
Lugonu accepts your kill.
The gnoll hits you from afar with a +0 spear.
A wight comes into view. It is wielding a +4 mace.
The gnoll bouda gazes fiercely through you!
You feel your attacks grow feeble.
A jelly comes into view.
The gnoll closely misses you. The gnoll bouda misses you.
The gnoll barely misses you.
The jelly quivers.
You hit the gnoll bouda.
The gnoll bouda is moderately wounded.
The gnoll bouda hits you with a +0 club.
The gnoll hits you from afar with a +0 spear.
* * * LOW HITPOINT WARNING * * *
It was a potion of mutation.
You feel extremely strange.
You feel clever.
You feel a little pissed off.
You feel clumsy.
A wight comes into view. It is wielding a +0 spear.
The gnoll bouda hits you with a +0 club.
* * * LOW HITPOINT WARNING * * *
The gnoll hits you from afar with a +0 spear.
You die...

.####....#####.# #≈≈≈.≈≈≈#
........)......#####.......#
###.##.....####.........##.#
#. ####.## #.##########.# #
#.# #.# #.# #[# #.# #.# #.#
#.# #.#
z.z####g#####.##########.#
#.zJzzggg@..............#
#########################


You could see a gnoll bouda, a jelly, 4 wights and 3 gnolls.

Vanquished Creatures
  A gnoll (D:5)
  A ball python (D:2)
  4 endoplasms
  4 goblins
  3 hobgoblins
  3 jackals (D:2)
  A quokka (D:2)
  A bat (D:2)
  2 frilled lizards (D:2)
  2 kobolds
  8 rats
30 creatures vanquished.

Notes
Turn   | Place    | Note
-------+----------+-------------------------------------------
     0 | D:1      | monsoonserge the Barachi Hexslinger began the quest for the
                  | Orb.
     0 | D:1      | Reached XP level 1. HP: 15/15 MP: 2/2
   101 | D:1      | Found a faded altar of an unknown god.
   116 | D:1      | Prayed at the altar of an unknown god.
   116 | D:1      | Became a worshipper of Lugonu the Unformed
   116 | D:1      | Reached * piety under Lugonu
   214 | D:1      | Reached XP level 2. HP: 21/21 MP: 3/3
   843 | D:2      | Identified the +10 whip "Arcanum" {venom, Dex+3}
   987 | D:2      | Reached XP level 3. HP: 19/26 MP: 4/4
   987 | D:2      | Reached ** piety under Lugonu
  1315 | D:3      | You fall into a shaft and drop 2 floors!
  1315 | D:5      | Entered Level 5 of the Dungeon
  1319 | D:5      | Found a runed translucent door.
  1320 | D:5      | Noticed Crazy Yiuf
  1377 | D:5      | Noticed a wight
  1383 | D:5      | Noticed a wight
  1385 | D:5      | Noticed a wight
  1389 | D:5      | Gained mutation: Your mind is acute. (Int +4, Str/Dex -1)
                  | [potion of mutation]
  1389 | D:5      | Gained mutation: You sometimes lose your temper in combat.
                  | [potion of mutation]
  1389 | D:5      | Gained mutation: You are clumsy. (Dex -2) [potion of
                  | mutation]
  1389 | D:5      | Noticed a wight
  1389 | D:5      | Slain by a gnoll

Illustrated notes

Levels and vault maps discovered:
D:1:      dpeg_arrival_shrine, layout_loops_ring,
          dreamdust_ecumenical_altar_grove, kennysheep_minor_cross
D:2:      layout_basic, dk_noncrumbling_2
D:3:      minmay_evil_eye, layout_basic, uniq_sigmund
D:5:      layout_loops_ring, temple_hall_moat, uniq_ijyb, uniq_eustachio,
          uniq_crazy_yiuf_cottage

Action                     || total
---------------------------++-------
  Melee: Whip              ||    25
   Fire: Sling             ||    79
   Cast: Slow              ||     1
    Use: Potion            ||     1
 Armour: Leather armour    ||    18
  Dodge: Dodged            ||    52
